Unix NetHack Version 5.0.0-0 post-release - last build Jun 10 2026 00:39:30 (3ee93aec679c4c4259841fe613dc97188e26a321,branch:main).

Game began 2026-06-18 01:46:02, ended 2026-06-18 02:16:42.

IanCurtis, chaotic male elven Wizard

                                `#################
                     -----      #-------------#### ###   ------------
                     |...|      #|*........**|#  ########-..........|
                     |^..-    #@#|.....*....*.########   |..........|
                     -..?|    #: |...-----...|#      ####|..........|
                     ---.-     # |...|.{.|...|#         #-........+.|
                      # #        ...*|{.{|*..|#          ------------
                      #######    |.....{.|...|#
                        #   #    |...-----...|#
                        .   #    |.....*.....|#
                       ...  #    |*.........*|#
                       ...  #    -------------#
                       ...  ###################
                      -----

IanCurtis the Thaumaturge  St:11 Dx:13 Co:15 In:20 Wi:11 Ch:10  Chaotic
Dlvl:8  $:237 HP:0(36) Pw:18(68) AC:7  Xp:6 T:5212 

Latest messages:
 You hit the dust vortex.
 You hit the dust vortex.
 You destroy the dust vortex!
 You can see again.
 There is a staircase up to level 7 here.
 There are several objects here.
 You climb up the stairs.
 You stop searching.
 You hit the hobgoblin!
 The hobgoblin hits!
 You kill the hobgoblin!
 You are in full health.
 You swap places with your kitten.
 You descend the stairs.
 You remember this level as bones.
 There is a staircase up to level 7 here.
 There are several objects here.
 With great effort you move the boulder.
 You try to move the boulder, but in vain.
 You try to move the boulder, but in vain.
 In what direction? h
 The spell hits the large cat!
 In what direction? h
 The spell misses the large cat.
 In what direction? h
 The spell misses the large cat.
 You feel more confident in your spell casting skills.
 (Tip: use the #enhance command to advance them.)
 The large cat bites!
 You are now more skilled in attack spells.
 In what direction? h
 The spell hits the large cat!
 The large cat bites!
 The large cat bites!
 In what direction? h
 The spell misses the large cat.
 The large cat bites!
 In what direction? .
 You feel better.
 In what direction? h
 The spell hits the large cat!
 You kill the large cat!
 You miss the crocodile.
 The crocodile bites!
 The crocodile hits!
 You miss the crocodile.
 The crocodile bites!
 The crocodile hits!
 You die...
 Do you want your possessions identified? [ynq] (y) q

Inventory:
 Coins    ('$')
  $ - 237 gold pieces
 Weapons  (')')
  Y - the +0 Sting
  a - a blessed +1 quarterstaff (weapon in hands)
 Armor    ('[')
  s - an uncursed +0 orcish helm (being worn)
  O - an uncursed +0 pair of leather gloves (being worn)
  E - an uncursed +0 pair of elven boots (being worn)
  m - a blessed +2 cloak of invisibility
  N - an uncursed burnt +0 cloak of magic resistance (being worn)
 Comestibles  ('%')
  F - a cursed slime mold
  G - an uncursed cream pie
  A - 4 uncursed food rations
  t - 2 cursed food rations
  z - an uncursed lembas wafer
  x - an uncursed tripe ration
  q - 2 uncursed lichen corpses
 Scrolls  ('?')
  W - an uncursed scroll of confuse monster
  X - an uncursed scroll of taming
 Spellbooks  ('+')
  v - an uncursed spellbook of identify
 Potions  ('!')
  j - a blessed potion of booze
  V - an uncursed potion of confusion
  h - an uncursed potion of gain level
  f - 2 uncursed potions of healing
 Rings    ('=')
  J - an uncursed ring of poison resistance
  R - an uncursed ring of see invisible
  d - an uncursed ring of slow digestion (on right hand)
  e - an uncursed ring of warning
 Wands    ('/')
  H - a wand of digging (0:6)
  c - a wand of sleep (0:7)
 Tools    ('(')
  b - an uncursed sack containing 9 items
  i - an uncursed tooled horn
  o - an uncursed wooden flute
  n - a magic marker (0:20)
  k - an uncursed skeleton key
  p - a +0 unicorn horn

Contents of the sack:
  2 uncursed scrolls of identify
  a blessed scroll of blank paper
  a blessed scroll of genocide
  an uncursed scroll of gold detection
  an uncursed potion of enlightenment
  an uncursed potion of monster detection
  an uncursed potion of extra healing
  a potion of holy water
  an uncursed potion of water

IanCurtis the Wizard's attributes:

Background:
 You were a Thaumaturge, a level 6 male elven Wizard.
 You were chaotic, nominally on a mission for Anhur
 who was opposed by Ptah (lawful) and Thoth (neutral).
 You were right-handed.
 You were in the Dungeons of Doom, on level 8.
 You entered the dungeon 5212 turns ago.
 It was nighttime.
 You had 532 experience points, 108 more were needed to attain level 7.

Basics:
 You had 0 out of 36 hit points.
 You had 18 out of 68 energy points (spell power).
 Your armor class was 7.
 Your wallet contained 237 zorkmids.
 Autopickup was off.

Final Characteristics:
 Your strength was 11 (limit:18).
 Your dexterity was 13 (limit:18).
 Your constitution was 15 (limit:16).
 Your intelligence was 20 (limit:20).
 Your wisdom was 11 (limit:20).
 Your charisma was 10 (limit:18).

Final Status:
 You weren't hungry.
 You were unencumbered.
 You were wielding a quarterstaff.
 You had basic skill with quarterstaff.

Final Attributes:
 You were piously aligned.
 You were magic-protected.
 You were sleep resistant.
 You had infravision.
 You were stealthy.
 You had slower digestion.
 You were warded.
 You are dead.

Miscellaneous:
 You encountered 1 bones level.
 Total elapsed playing time was 30 minutes and 39 seconds.

Major events:
 Turn
    1: IanCurtis the chaotic male elven Wizard entered the dungeon
 1307: attained the rank of Conjurer (level 3)
 1335: entered the Gnomish Mines
 3584: chose an elven dagger to be named "Sting"
 4067: attained the rank of Thaumaturge (level 6)
 5212: killed by a crocodile

Spells:
 Name                 Level Category     Fail Retention
 force bolt             1   attack         0%   71%-75%
 knock                  1   matter         0%   51%-75%
 cause fear             3   enchantment    0%   81%-90%
 light                  1   divination     0%  76%-100%
 healing                1   healing        0%  76%-100%

Skills:
 Fighting Skills
   bare handed combat [Unskilled]
   riding             [Unskilled]
 Weapon Skills
   dagger             [Unskilled]
   knife              [Unskilled]
   axe                [Unskilled]
   short sword        [Unskilled]
   club               [Unskilled]
   mace               [Unskilled]
   quarterstaff       [Basic]
   polearms           [Unskilled]
   spear              [Unskilled]
   trident            [Unskilled]
   sling              [Unskilled]
   dart               [Unskilled]
   shuriken           [Unskilled]
 Spellcasting Skills
   attack spells      [Skilled]
   healing spells     [Unskilled]
   divination spells  [Unskilled]
   enchantment spells [Basic]
   clerical spells    [Unskilled]
   escape spells      [Unskilled]
   matter spells      [Unskilled]

Voluntary challenges:
 Character rerolling was not enabled.
 You were vegetarian.
 You were an atheist.
 You never genocided any monsters.
 You never polymorphed an object.
 You never changed form.
 You used no wishes.
Achievements:
 You attained the rank of Conjurer.
 You entered the Gnomish Mines.
 You entered a shop.
 You attained the rank of Thaumaturge.

 The Dungeons of Doom: levels 1 to 8
    Level 1:
       A fountain.
    Level 2:
       Stairs down to The Gnomish Mines.
    Level 3:
       An armor shop, a sink.
    Level 4:
       A general store.
    Level 5:
       Some shops.
    Level 6:
       A fountain.
    Level 7:
       A fountain.
    Level 8: "bones" <- You were here.
       Many fountains, a grave.
       Oracle of Delphi.
       Final resting place for
          you, killed by a crocodile,
          Shruner-Sam-Hum-Fem-Law, killed by a rabid rat.
 The Gnomish Mines:
    Level 3:


Vanquished creatures:
  a large cat
  a giant beetle
  4 wolves
  a gnome ruler
  a brown pudding
  a white unicorn
  a dust vortex
  a rope golem
  a bugbear
  a fog cloud
  a giant ant
  a rothe
  3 rabid rats
  a centipede
  a werejackal
  4 iguanas
  a hobbit
  a hobgoblin
  a cave spider
  a brown mold
  a yellow mold
  2 green molds
  2 red molds
  3 gnomes
  a garter snake
  5 geckos
  6 jackals
  2 foxes
  3 goblins
  6 grid bugs
  2 bats
  4 lichens
  a kobold zombie
  5 newts
71 creatures vanquished.

No species were genocided or became extinct.

Game over:
                       ----------
                      /          \
                     /    REST    \
                    /      IN      \
                   /     PEACE      \
                  /                  \
                  |    IanCurtis     |
                  |      237 Au      |
                  |   killed by a    |
                  |    crocodile     |
                  |                  |
                  |                  |
                  |       2026       |
                 *|     *  *  *      | *
        _________)/\\_//(\/(/\)/\//\/|_)_______

Goodbye IanCurtis the Wizard...

You died in The Dungeons of Doom on dungeon level 8 with 2692 points,
and 237 pieces of gold, after 5212 moves.
You were level 6 with a maximum of 36 hit points when you died.

